 Dungeon Crawl Stone Soup version 0.30-a0-377-g5cb311bc9f (webtiles) character file.

Game seed: 10468582629603614154

34832 initial1zr the Scorcher (level 14, -8/75 HPs)
             Began as a Meteoran Earth Elementalist on Nov 28, 2022.
             Was an Initiate of Gozag.
             Mangled by a yak (13 damage)
             ... on level 5 of the Lair of Beasts.
             The game lasted 00:21:59 (8209 turns).

initial1zr the Scorcher (MeEE)                      Turns: 8209, Time: 00:21:59

Health: -8/75      AC: 10    Str: 10    XL:     14   Next: 50%
Magic:  19/35      EV: 10    Int: 31    God:    Gozag
Gold:   1704       SH:  0    Dex: 15    Spells: 41/45 levels left

rFire   + . .      SeeInvis .    t - +4 flail "Mujawk" {flame, rF+ Int+3}
rCold   . . .      Faith    .    (no shield)
rNeg    . . .      Spirit   .    s - +0 ring mail
rPois   .          Reflect  .    (no helmet)
rElec   .          Harm     +    k - scarf {harm}
rCorr   .          Rampage  .    (no gloves)
Will    +....                    d - +0 pair of boots
Stlth   +.........               (no amulet)
HPRegen 0.32/turn                O - +4 ring of protection
MPRegen 0.24/turn                I - +6 ring of intelligence

@: gold aura, glowing
A: sense surroundings 2, otherworldly, glowing, explore regen
a: Renounce Religion, Potion Petition, Call Merchant, Bribe Branch


You were on level 5 of the Lair of Beasts.
You worshipped Gozag.
Gozag was most pleased with you.
You visited 3 branches of the dungeon, and saw 15 of its levels.
You also visited: Ossuary.

You collected 3727 gold pieces.
You spent 444 gold pieces at shops.
You paid 1579 gold pieces to Gozag.


Innate Abilities, Weirdness & Mutations

You passively map the area around you.
You are easily found by Zot.
You glow in the dark.
You regain HP and MP as you explore.


   Skills:
 - Level 10.5 Fighting
 - Level 2.4 Dodging
 - Level 1.4 Stealth
 - Level 16.2 Spellcasting
 - Level 7.2 Conjurations
 - Level 1.5 Transmutations
 * Level 17.1 Fire Magic
 - Level 6.3 Earth Magic


You had 41 spell levels left.
You knew the following spells:

 Your Spells              Type           Power      Damage    Failure   Level
a - Stone Arrow           Conj/Erth      100%       3d13      1%          3
s - Sandblast             Erth           100%       2d20      1%          1

Your spell library contained the following spells:

 Spells                   Type           Power      Damage    Failure   Level
 Scorch                   Fire           100%       2d10      0%          2
 Foxfire                  Conj/Fire      100%       2x1d9     1%          1
 Passwall                 Tmut/Erth      40%        N/A       1%          2
 Ignite Poison            Fire/Tmut/Pois 59%        N/A       1%          3
 Inner Flame              Hex/Fire       67%        N/A       1%          3
 Kindle Blastsparks       Fire/Tloc/Air  100%       2d18      1%          3
 Flame Wave               Conj/Fire      79%        2d17      1%          4
 Sticky Flame             Conj/Fire      79%        2d9       1%          4
 Apportation              Tloc           50%        N/A       4%          1
 Petrify                  Tmut/Erth      49%        N/A       9%          4
 Gell's Gravitas          Tloc           25%        N/A       14%         3
 Lesser Beckoning         Tloc           50%        N/A       14%         3
 Teleport Other           Tloc           25%        N/A       14%         3
 Ignition                 Fire           46%        3d13      26%         8
 Freezing Cloud           Conj/Ice/Air   20%        6-21      43%         5
 Alistair's Intoxication  Tmut/Pois      19%        N/A       65%         5
 Summon Mana Viper        Hex/Summ       25%        N/A       77%         5

Inventory:

Hand Weapons
 h - a +2 dagger of venom
   (You took it off a goblin on level 2 of the Dungeon)
 t - the +4 flail "Mujawk" (weapon) {flame, rF+ Int+3}
   (You found it on level 5 of the Dungeon)

   It burns those it strikes, dealing additional fire damage.
   Int:       It affects your intelligence (+3).
   rF:        It protects you from fire.
Armour
 a - a +0 robe
 d - a +0 pair of boots (worn)
   (You found it on level 1 of the Dungeon)
 e - a +0 buckler
   (You took it off a spriggan on level 4 of the Lair of Beasts)
 k - a scarf of harm (worn)
   (You found it on level 2 of the Dungeon)
 s - a +0 ring mail (worn)
   (You found it on level 4 of the Dungeon)
 y - a +0 helmet
   (You found it on level 9 of the Dungeon)
 D - a +2 pair of gloves
   (You found it on level 2 of the Lair of Beasts)
 K - a +0 buckler
   (You took it off a spriggan on level 5 of the Lair of Beasts)
 M - a +0 buckler
   (You took it off a spriggan on level 5 of the Lair of Beasts)
Jewellery
 F - a ring of fire
   (You found it on level 7 of the Dungeon)
 I - a +6 ring of intelligence (right hand)
   (You found it on level 6 of the Dungeon)
 L - the ring "Dieklen" {Fly rElec Str+2 Int+4 SInv}
   (You found it on level 5 of the Lair of Beasts)

   [ring of see invisible]

   Str:       It affects your strength (+2).
   Int:       It affects your intelligence (+4).
   rElec:     It insulates you from electricity.
   SInv:      It lets you see invisible.
   Fly:       It grants you flight.
 N - a ring of positive energy
   (You found it on level 3 of the Lair of Beasts)
 O - a +4 ring of protection (left hand)
   (You found it on level 1 of the Dungeon)
 S - a +6 ring of strength
   (You found it on level 5 of the Lair of Beasts)
Wands
 G - a wand of digging (5)
   (You found it on level 4 of the Lair of Beasts)
 J - a wand of flame (5)
   (You found it on level 4 of the Lair of Beasts)
Scrolls
 f - a scroll of fear
 n - 2 scrolls of enchant weapon
 o - 4 scrolls of teleportation {@r4}
 r - 2 scrolls of noise {!r}
 u - a scroll of enchant armour
 w - 3 scrolls of vulnerability {!r!r}
 x - 3 scrolls of immolation {!r!r}
 B - a scroll of silence {!r!r}
 C - 3 scrolls of butterflies
 E - 2 scrolls of identify {@r1}
Potions
 b - a potion of mutation {unknown}
 c - 3 potions of resistance {unknown}
 g - 3 potions of curing {@q1}
 i - 3 potions of attraction {unknown}
 j - 2 potions of heal wounds {@q2}
 l - 6 potions of brilliance {unknown}
 m - 3 potions of haste {unknown}
 p - 2 potions of degeneration {!q}
 q - a potion of might {unknown}
 v - 3 potions of flight {unknown}
 z - 3 potions of lignification {unknown}
 A - 2 potions of magic

Dungeon Overview and Level Annotations

Branches:
Dungeon (9/15) Zot: 479    Temple (1/1) D:7 Zot: 530    Lair (5/5) D:9 Zot: 140
 Shoals (0/4) Lair:3       Spider (0/4) Lair:2        Slime (0/5) Lair:4
Ossuary (visited)
    Orc: D:9-12

Altars:
Ashenzari
Cheibriados
Dithmenos
Elyvilon
Fedhas
Gozag
Hepliaklqana
Kikubaaqudgha
Makhleb
Okawaru
Qazlal
Ru
Sif Muna
Trog
Uskayaw
Vehumet
Wu Jian
Xom
Yredelemnul
Zin
The Shining One
Jiyva

Shops:
Lair:2 *   Lair:3 :

Annotations:
D:7 2 runed translucent doors, DEFE's ghost, novice DsFi
Lair:4 1 runed translucent door

~~..,*........Y.# * ,
~P..( #...#8YY.8# * ~...#
#...#.....#* , , * P~..#
#...##.8.#.# *,
~...###....##### # ,
~....#P....# ### # ,,
~P...#.....# ##P##.##.# *
~....#.....# ##..$......
~...P.P....###..@Y......,
~~..........#....Y......
~~.........P............,
......#..........P.#....
.##..#..P.P......### ##.,
, ...#.#...P.......# , ,
...####P###.##..## , ,
..## ### ####### *,, ,
### * ,,,


You could see 2 yaks.


Message History

The polar bear is no longer distracted by gold.
The bolt of dispelling energy hits the plant!
The plant begins to die.
The now-empty wand crumbles to dust.
The polar bear goes berserk!
Casting: Stone Arrow (safe; 1% risk of failure)
Confirm with . or Enter, or press ? or * to list all spells.
Aiming: Stone Arrow (safe; 1% risk of failure)
Press: ? - help, Shift-Dir - straight line, f/p - polar bear
Aim: a polar bear (almost dead, berserk, 84% to hit)
The stone arrow hits the polar bear!
You kill the polar bear!
Your Fire Magic skill increases to level 17!
You enter the shallow water.
Moving in this stuff is going to be slow.
You now have 1592 gold pieces (gained 20).
A nearby plant withers and dies.
You now have 1615 gold pieces (gained 23).
You now have 1671 gold pieces (gained 56).
You now have 1678 gold pieces (gained 7).
Unknown command.
Unknown command.
You now have 1704 gold pieces (gained 26).
A cane toad and a yak come into view.
The cane toad gives a loud, deep croak!
The yak bellows!
You hear a bellow!
You hear a shout!
A yak comes into view.
A yak comes into view.
Unknown command.
Unknown command.
Unknown command.
Unknown command.
Unknown command.
Unknown command.
Unknown command.
Casting: Stone Arrow (safe; 1% risk of failure)
Confirm with . or Enter, or press ? or * to list all spells.
Okay, then.
Okay, then.
The yak bellows!
The blast of sand hits the cane toad!
The blast of sand hits the cane toad.
The cane toad stings you!
You are poisoned.
The cane toad poisons you!
The blast of sand hits the cane toad but does no damage.
You feel extremely sick. The cane toad barely misses you. The yak gores you.
The cane toad misses you. The yak closely misses you.
You are too injured to fight recklessly!
You are too injured to fight recklessly!
Unknown command.
Casting: Sandblast (safe; 1% risk of failure)
Confirm with . or Enter, or press ? or * to list all spells.
Aiming: Stone Arrow (safe; 1% risk of failure)
Press: ? - help, Shift-Dir - straight line, f/p - cane toad
Aim: a cane toad (severely wounded, 81% to hit)
The stone arrow hits the cane toad!!
You kill the cane toad!
You feel very sick. The yak closely misses you. The yak barely misses you.
Casting: Stone Arrow (safe; 1% risk of failure)
Confirm with . or Enter, or press ? or * to list all spells.
Aiming: Stone Arrow (safe; 1% risk of failure)
Press: ? - help, Shift-Dir - straight line, f - yak
Aim: a yak (87% to hit)
The stone arrow hits the yak!!
You feel very sick. The yak gores you. The yak gores you but does no damage.
The yak gores you.
Casting: Stone Arrow (safe; 1% risk of failure)
Confirm with . or Enter, or press ? or * to list all spells.
Aiming: Stone Arrow (safe; 1% risk of failure)
Press: ? - help, Shift-Dir - straight line, f/p - yak
Aim: a yak (almost dead, 87% to hit)
The stone arrow misses the yak.
You feel sick. The yak gores you but does no damage. The yak gores you!
* * * LOW HITPOINT WARNING * * *
The yak gores you.
* * * LOW HITPOINT WARNING * * *
Casting: Stone Arrow (safe; 1% risk of failure)
Confirm with . or Enter, or press ? or * to list all spells.
Aiming: Stone Arrow (safe; 1% risk of failure)
Press: ? - help, Shift-Dir - straight line, f/p - yak
Aim: a yak (almost dead, 87% to hit)
The stone arrow hits the yak!!
You kill the yak!
You feel sick. The yak gores you but does no damage. The yak gores you.
* * * LOW HITPOINT WARNING * * *
Casting: Stone Arrow (safe; 1% risk of failure)
Confirm with . or Enter, or press ? or * to list all spells.
Aiming: Stone Arrow (safe; 1% risk of failure)
Press: ? - help, Shift-Dir - straight line, f - yak
Aim: a yak (87% to hit)
The stone arrow hits the yak!!
You feel sick. The yak completely misses you. The yak gores you.
* * * LOW HITPOINT WARNING * * *
You feel better. The yak gores you!
* * * LOW HITPOINT WARNING * * *
The yak gores you!
You die...
Your body crumbles into a pile of gold.

Skill      XL: |  1  2  3  4  5  6  7  8  9 10 11 12 13 14 |
---------------+-------------------------------------------+-----
Spellcasting   | 3 4 5 6 8 10 12 14 15 16 | 16.2
Earth Magic    | 4 5 6 |  6.3
Conjurations   | 1 2 3 5 7 |  7.2
Fighting       | 5 8 10 | 10.5
Fire Magic     | 4 10 14 17 | 17.1
Dodging        | |  2.4
Stealth        | |  1.4
Transmutations | |  1.5

Action                   |  1- 3 |  4- 6 |  7- 9 | 10-12 | 13-15 || total
-------------------------+-------+-------+-------+-------+-------++-------
Melee: Dagger            |       |       |     5 |       |       ||     5
       Punch             |       |       |     1 |       |       ||     1
       Flail             |       |       |     1 |     4 |       ||     5
 Cast: Sandblast         |    37 |    72 |    96 |   104 |   121 ||   430
       Stone Arrow       |       |     2 |    27 |    79 |   132 ||   240
Invok: Call Merchant     |       |       |       |     1 |     1 ||     2
Evoke: Wand              |       |       |       |       |    11 ||    11
  Use: Potion            |       |       |     5 |     2 |     1 ||     8
       Scroll            |       |       |       |    17 |     9 ||    26
Armor: Robe              |     3 |    41 |    37 |       |       ||    81
       Ring mail         |       |       |    19 |    32 |    65 ||   116
Dodge: Dodged            |     2 |    54 |    60 |    42 |    76 ||   234

Levels and vault maps discovered:
D:1:      lightli_arrival_quake, layout_basic
D:2:      wad_pebble_path, layout_loops_ring, basic_altar, serial_park_tiny_2
D:3:      layout_basic, led_sif_pool, chequers_temple_overflow_statue_of_worship
D:4:      layout_basic, kennysheep_mini_moat, gup_ossuary_entry_pyramid,
          fountainhead
D:5:      layout_basic, overflow_temple_1_default
D:6:      layout_cave_pools, mainiacjoe_overflow_tiny_flanked,
          kennysheep_generic_room_2, uniq_crazy_yiuf_cottage
D:7:      layout_loops_ring, minmay_temple_entry_slanted,
          ebering_ghost_disaster_area
D:8:      layout_loops_cross, grunt_temple_overflow_gold_and_silver, uniq_grum,
          uniq_erica, uniq_psyche
D:9:      layout_stronghold, kiku_gazebo_garden_becter, old_standard_altar,
          hellmonk_lair_entry_icy
Temple:   chequers_temple_sunken
Lair:1:   layout_cave_pods, grunt_megastairs_5
Lair:2:   layout_long_grid, nicolae_spider_entry_tight_spaces,
          grunt_megastairs_1
Lair:3:   layout_cave_pods, minmay_shoals_entry_hut
Lair:4:   wad_woods_settlement, layout_hall_layers, slime_entry_2, basic_altar
Lair:5:   minmay_lair_end_enchanted_forest, layout_cellular_growth,
          serial_bayou_shore_a, grunt_megastairs_2, uniq_sonja

Notes
Turn   | Place    | Note
-------+----------+-------------------------------------------
     0 | D:1      | initial1zr the Meteoran Earth Elementalist began the quest
                  | for the Orb.
     0 | D:1      | Reached XP level 1. HP: 14/14 MP: 5/5
    74 | D:1      | Reached XP level 2. HP: 20/20 MP: 4/6
    94 | D:1      | Reached skill level 3 in Spellcasting
   202 | D:1      | Reached skill level 4 in Earth Magic
   223 | D:1      | Reached skill level 1 in Conjurations
   223 | D:1      | Reached XP level 3. HP: 26/26 MP: 6/8
   486 | D:1      | Glimpsed the power of Zot.
   534 | D:1      | Glimpsed the power of Zot.
   660 | D:2      | Reached XP level 4. HP: 31/33 MP: 6/10
   664 | D:2      | Learned a level 3 spell: Stone Arrow
   800 | D:2      | Reached skill level 2 in Conjurations
   858 | D:2      | Found a bloodstained altar of Trog.
  1074 | D:2      | Glimpsed the power of Zot.
  1124 | D:2      | Glimpsed the power of Zot.
  1164 | D:2      | Glimpsed the power of Zot.
  1296 | D:3      | Found a shimmering blue altar of Sif Muna.
  1382 | D:3      | Reached XP level 5. HP: 38/38 MP: 8/11
  1404 | D:3      | Found a white marble altar of Elyvilon.
  1405 | D:3      | Found a shadowy altar of Dithmenos.
  1408 | D:3      | Reached skill level 4 in Spellcasting
  1408 | D:3      | Found a sacrificial altar of Ru.
  1656 | D:3      | Glimpsed the power of Zot.
  1706 | D:3      | Glimpsed the power of Zot.
  1738 | D:4      | Reached skill level 3 in Conjurations
  1738 | D:4      | Reached skill level 5 in Earth Magic
  1738 | D:4      | Reached XP level 6. HP: 45/45 MP: 9/13
  1791 | D:4      | Found a sand-covered staircase.
  1798 | Ossuary  | Entered an ossuary
  1808 | Ossuary  | Reached skill level 5 in Spellcasting
  1809 | Ossuary  | Reached XP level 7. HP: 38/50 MP: 5/15
  1811 | Ossuary  | HP: 11/50 [rat zombie (2)]
  1817 | Ossuary  | HP: 6/50 [human zombie (2)]
  1820 | Ossuary  | Reached skill level 4 in Conjurations
  1822 | Ossuary  | HP: 9/50 [human zombie (4)]
  1823 | Ossuary  | HP: 3/50 [hobgoblin zombie (2)]
  1831 | Ossuary  | Reached skill level 6 in Earth Magic
  2295 | D:4      | You fall into a shaft and drop 1 floor!
  2295 | D:5      | Entered Level 5 of the Dungeon
  2300 | D:5      | Reached skill level 6 in Spellcasting
  2300 | D:5      | Reached skill level 5 in Conjurations
  2300 | D:5      | Reached XP level 8. HP: 57/57 MP: 14/18
  2386 | D:4      | Found a radiant altar of Vehumet.
  2629 | D:5      | Reached skill level 6 in Conjurations
  2637 | D:5      | Reached skill level 7 in Spellcasting
  2659 | D:5      | Identified the +4 flail "Mujawk" {flame, rF+ Int+3}
  3013 | D:5      | Glimpsed the power of Zot.
  3014 | D:5      | Found a snail-covered altar of Cheibriados.
  3048 | D:6      | Reached skill level 7 in Conjurations
  3133 | D:6      | Reached skill level 8 in Spellcasting
  3133 | D:6      | Gained mutation: You passively map the area around you.
                  | [Meteoran growth]
  3133 | D:6      | Reached XP level 9. HP: 62/62 MP: 19/22
  3166 | D:6      | Reached skill level 1 in Fighting
  3168 | D:6      | Reached skill level 2 in Fighting
  3229 | D:6      | Found a burning altar of Makhleb.
  3605 | D:6      | Glimpsed the power of Zot.
  3640 | D:7      | Reached skill level 3 in Fighting
  3651 | D:7      | Reached skill level 9 in Spellcasting
  3669 | D:7      | Reached skill level 4 in Fighting
  3734 | D:7      | You pick up a book of Displacement and begin reading...
  3734 | D:7      | You add the spells Lesser Beckoning, Gell's Gravitas and
                  | Teleport Other to your library.
  3845 | D:7      | Found a staircase to the Ecumenical Temple.
  3852 | D:7      | Noticed a kobold demonologist
  3857 | D:7      | Killed a kobold demonologist
  3858 | D:7      | Reached skill level 5 in Fighting
  3858 | D:7      | Reached skill level 10 in Spellcasting
  3860 | Temple   | Entered the Ecumenical Temple
  3957 | D:7      | Noticed a kobold demonologist
  3961 | D:7      | Killed a kobold demonologist
  3962 | D:7      | Reached XP level 10. HP: 83/83 MP: 18/25
  3965 | D:7      | Reached skill level 6 in Fighting
  4109 | D:7      | Found a large runed translucent door.
  4110 | D:7      | Found a large runed translucent door.
  4113 | D:7      | Noticed DEFE's ghost (novice DsFi)
  4187 | D:8      | Found a glowing silver altar of Zin.
  4187 | D:8      | Found an opulent altar of Gozag.
  4192 | D:8      | Became a worshipper of Gozag Ym Sagoz the Greedy
  4376 | D:8      | Reached skill level 11 in Spellcasting
  4377 | D:8      | Reached skill level 7 in Fighting
  4443 | D:8      | Noticed Grum
  4448 | D:8      | Reached skill level 8 in Fighting
  4449 | D:8      | Killed Grum
  4452 | D:8      | Reached skill level 12 in Spellcasting
  4597 | D:8      | Noticed Erica
  4602 | D:8      | Killed Erica
  4603 | D:8      | Reached XP level 11. HP: 48/95 MP: 11/28
  4726 | D:8      | Noticed Psyche
  4733 | D:8      | Killed Psyche
  4734 | D:8      | Reached skill level 9 in Fighting
  4853 | D:9      | Noticed a two-headed ogre
  4857 | D:9      | Killed a two-headed ogre
  4858 | D:9      | Reached skill level 13 in Spellcasting
  4958 | D:9      | Found an ancient bone altar of Kikubaaqudgha.
  4960 | D:9      | You pick up a book of Flames and begin reading...
  4960 | D:9      | You add the spells Inner Flame, Sticky Flame and Flame Wave
                  | to your library.
  5019 | D:9      | Reached skill level 10 in Fighting
  5038 | D:9      | Found a staircase to the Lair.
  5060 | Lair:1   | Entered Level 1 of the Lair of Beasts
  5119 | Lair:1   | Reached skill level 1 in Fire Magic
  5120 | Lair:1   | HP: 6/101 [dream sheep (26)]
  5125 | Lair:1   | Reached skill level 2 in Fire Magic
  5126 | Lair:1   | Reached skill level 14 in Spellcasting
  5130 | Lair:1   | Reached skill level 3 in Fire Magic
  5237 | Lair:1   | You fall into a shaft and drop 1 floor!
  5257 | Lair:2   | Reached skill level 4 in Fire Magic
  5257 | Lair:2   | Reached XP level 12. HP: 66/107 MP: 28/31
  5259 | Lair:2   | Reached skill level 5 in Fire Magic
  5302 | Lair:2   | Reached skill level 6 in Fire Magic
  5347 | Lair:2   | Bought 3 scrolls labelled COLUODDUPP for 81 gold pieces
  5358 | Lair:2   | Bought a scroll labelled COXEKE ANIOQO for 27 gold pieces
  5360 | Lair:2   | Acquired 867 gold pieces
  5481 | Lair:2   | Reached skill level 7 in Fire Magic
  5523 | Lair:2   | Found a hole to the Spider Nest.
  5528 | Lair:2   | HP: 25/107 [jumping spider (6)]
  5533 | Lair:2   | Reached skill level 8 in Fire Magic
  5654 | Lair:3   | Noticed a seven-headed hydra
  5660 | Lair:3   | Killed a seven-headed hydra
  5661 | Lair:3   | Reached skill level 15 in Spellcasting
  5693 | Lair:3   | Reached skill level 9 in Fire Magic
  5904 | Lair:3   | Noticed a five-headed hydra
  5908 | Lair:3   | Killed a five-headed hydra
  5921 | Lair:3   | Reached skill level 10 in Fire Magic
  6139 | Lair:3   | Reached XP level 13. HP: 114/114 MP: 31/33
  6366 | Lair:3   | Found a staircase to the Shoals.
  6441 | Lair:3   | Bought the Parchment of Incandescence for 336 gold pieces
  6441 | Lair:3   | You add the spells Foxfire, Scorch and Ignition to your
                  | library.
  6501 | Lair:4   | Reached skill level 11 in Fire Magic
  6542 | Lair:4   | Reached skill level 16 in Spellcasting
  6556 | Lair:4   | You add the spells Ignite Poison and Summon Mana Viper to
                  | your library.
  6556 | Lair:4   | Got the Compilation of the Allied Pyre
  6584 | Lair:4   | Reached skill level 12 in Fire Magic
  6864 | Lair:4   | Found a runed translucent door.
  6865 | Lair:4   | Found a viscous altar of Jiyva.
  6867 | Lair:4   | Noticed an azure jelly
  6868 | Lair:4   | Found a staircase to the Slime Pits.
  6868 | Lair:4   | Noticed an azure jelly
  6972 | Lair:4   | Found a basalt altar of Yredelemnul.
  6999 | Lair:4   | Reached skill level 13 in Fire Magic
  7296 | Lair:4   | Glimpsed the power of Zot.
  7313 | Lair:5   | Entered Level 5 of the Lair of Beasts
  7314 | Lair:5   | Noticed a death yak
  7314 | Lair:5   | Noticed a death yak
  7314 | Lair:5   | Noticed a death yak
  7315 | Lair:5   | Noticed a death yak
  7322 | Lair:5   | HP: 26/114 [death yak (24)]
  7322 | Lair:5   | HP: 4/114 [death yak (22)]
  7640 | Lair:5   | Reached skill level 14 in Fire Magic
  7677 | Lair:5   | You add the spells Kindle Blastsparks and Freezing Cloud to
                  | your library.
  7758 | Lair:5   | Reached XP level 14. HP: 103/122 MP: 13/35
  7771 | Lair:5   | Reached skill level 15 in Fire Magic
  7777 | Lair:5   | Identified the ring "Dieklen" {Fly rElec Str+2 Int+4 SInv}
  7863 | Lair:5   | Glimpsed the power of Zot.
  7907 | Lair:5   | Glimpsed the power of Zot.
  7939 | Lair:5   | HP: 29/122 [eight-headed hydra[a boggart] (10)]
  7947 | Lair:5   | Glimpsed the power of Zot.
  7951 | Lair:5   | You pick up a book of Party Tricks and begin reading...
  7951 | Lair:5   | You add the spells Apportation and Alistair's Intoxication
                  | to your library.
  7957 | Lair:5   | Touched by the power of Zot.
  7969 | Lair:5   | Reached skill level 16 in Fire Magic
  8058 | Lair:5   | Glimpsed the power of Zot.
  8108 | Lair:5   | Glimpsed the power of Zot.
  8147 | Lair:5   | Glimpsed the power of Zot.
  8156 | Lair:5   | Touched by the power of Zot.
  8167 | Lair:5   | Reached skill level 17 in Fire Magic
  8206 | Lair:5   | HP: 18/75 [yak (7)]
  8208 | Lair:5   | HP: 2/75 [yak (7)]
  8209 | Lair:5   | Mangled by a yak

Vanquished Creatures
  3 hydras
  Erica (D:8)
  A two-headed ogre (D:9)
  4 death yaks (Lair:5)
  6 elephants (Lair:4)
  A black mamba (Lair:5)
  8 cane toads
  7 komodo dragons
  2 rime drakes
  Psyche (D:8)
  2 kobold demonologists (D:7)
  10 polar bears
  2 hornets (Lair:5)
  5 blink frogs (Lair:5)
  8 dream sheep
  A snapping turtle (Lair:3)
  A jumping spider (Lair:2)
  13 spriggans
  5 wyverns
  35 yaks
  Grum (D:8)
  2 steam dragons
  3 redbacks (Lair:2)
  3 basilisks
  6 water moccasins
  3 black bears
  4 orc warriors (D:8)
  2 ice beasts (D:9)
  2 ogres
  4 boggarts (Lair:5)
  2 centaurs
  34 wolves
  A phantom (D:7)
  A kobold brigand (D:7)
  2 elf zombies (Ossuary)
  7 bullfrogs
  A gnoll sergeant (D:6)
  3 necrophages
  A scorpion (D:6)
  6 wights
  4 howler monkeys
  4 electric eels
  3 hounds
  A jelly (D:5)
  2 human zombies (Ossuary)
  3 orc priests
  3 iguanas
  3 orc wizards
  6 hell rats (Lair:4)
  A hound zombie (Ossuary)
  5 mummies
  12 adders
  3 gnolls (D:6)
  A shadow imp (D:5)
  A white imp (D:4)
  An ufetubus (D:4)
  An adder zombie (Ossuary)
  A worm (D:4)
  2 dart slugs
  28 orcs
  5 endoplasms
  3 giant cockroaches
  A gnoll zombie (Ossuary)
  4 hobgoblins
  4 jackals (D:1)
  8 kobolds
  2 quokkas
  8 ball pythons
  6 bats
  A frilled lizard (D:1)
  8 goblins
  A hobgoblin zombie (Ossuary)
  2 kobold zombies (Ossuary)
  5 rats (D:1)
  2 rat zombies (Ossuary)
349 creatures vanquished.

Vanquished Creatures (others)
  A bush (Lair:5)
  15 fungi
  56 plants
72 creatures vanquished.

Grand Total: 421 creatures vanquished

Table legend:
 A = Non-vault XP
 B = Vault XP
 C = Vault XP percentage of total XP
 D = Non-vault monster count
 E = Vault monster count
 F = Vault count percentage of total count
                 A         B        C        D         E       F
            +---------+---------+-------+---------+---------+-------
      Total |   33193 |   16567 |  33.3 |     262 |      87 |  24.9
            +---------+---------+-------+---------+---------+-------
        D:1 |      43 |       0 |   0.0 |      26 |       0 |   0.0
        D:2 |      50 |       0 |   0.0 |      15 |       0 |   0.0
        D:3 |      90 |       0 |   0.0 |      20 |       0 |   0.0
        D:4 |     252 |      18 |   6.7 |      16 |       1 |   5.9
        D:5 |     741 |       0 |   0.0 |      14 |       0 |   0.0
        D:6 |     415 |     188 |  31.2 |      12 |       2 |  14.3
        D:7 |    1560 |       0 |   0.0 |      23 |       0 |   0.0
        D:8 |    1952 |    1847 |  48.6 |      23 |       7 |  23.3
        D:9 |    1227 |    1042 |  45.9 |       4 |       5 |  55.6
     Lair:1 |    2114 |     350 |  14.2 |       8 |       2 |  20.0
     Lair:2 |    4936 |     788 |  13.8 |      25 |       4 |  13.8
     Lair:3 |    4965 |     259 |   5.0 |      15 |       1 |   6.2
     Lair:4 |    7310 |    1163 |  13.7 |      30 |       6 |  16.7
     Lair:5 |    7538 |   10535 |  58.3 |      31 |      43 |  58.1
    Ossuary |       0 |     377 | 100.0 |       0 |      16 | 100.0
            +---------+---------+-------+---------+---------+-------

Illustrated notes

Table legend:
 A = Kills in this place as a percentage of kills in entire the game.
 B = Kills by you in this place as a percentage of kills by you in the entire game.
 C = Kills by friends in this place as a percentage of kills by friends in the entire game.
 D = Other kills in this place as a percentage of other kills in the entire game.
 E = Experience gained in this place as a percentage of experience gained in the entire game.
 F = Experience gained in this place divided by the number of levels of this place that you have seen.
                   A       B       C       D       E      F
               +-------+-------+-------+-------+-------+----------------------
         Total | 100.0 | 100.0 |   N/A |   N/A | 100.0 | 3110.0
       Dungeon |  48.1 |  48.1 |   N/A |   N/A |  18.9 | 1047.2
          Lair |  47.3 |  47.3 |   N/A |   N/A |  80.3 | 7991.6
       Ossuary |   4.6 |   4.6 |   N/A |   N/A |   0.8 | 377.0
               +-------+-------+-------+-------+-------+----------------------

Table legend: (Time is in decaauts)
 A = Elapsed time spent in this place.
 B = Non-inter-level travel time spent in this place.
 C = Inter-level travel time spent in this place.
 D = Time resting spent in this place.
 E = Time spent auto-exploring this place.
 F = Levels seen in this place.
 G = Mean time per level.
                   A        B        C        D        E       F      G
               +--------+--------+--------+--------+--------+-----+--------+
         Total |   8449 |   7936 |    513 |    429 |   5839 |  16 |  528.1 |
       Dungeon |   4921 |   4530 |    391 |     31 |   3716 |   9 |  546.8 |
        Temple |     69 |     36 |     33 |      0 |     14 |   1 |   69.0 |
          Lair |   3259 |   3170 |     89 |    398 |   2003 |   5 |  651.8 |
       Ossuary |    199 |    199 |      0 |      0 |    105 |   1 |  199.0 |
               +--------+--------+--------+--------+--------+-----+--------+

Top non-repeatable levels by time:
  Lair:4: 1093 daAuts
  Lair:3: 810 daAuts
  Lair:5: 739 daAuts
     D:4: 701 daAuts
     D:8: 698 daAuts
     D:2: 627 daAuts
     D:6: 601 daAuts
     D:3: 575 daAuts
     D:1: 564 daAuts
     D:7: 470 daAuts
     D:5: 459 daAuts
  Lair:2: 434 daAuts
     D:9: 222 daAuts
 Ossuary: 199 daAuts
  Lair:1: 182 daAuts
